 Dungeon Crawl Stone Soup version 0.23.1 (webtiles) character file.

Game seed: 16303279109140583066

2161 Borgoz the Sneak (level 9, -1/67 HPs)
             Began as a Ghoul Enchanter on Mar 5, 2019.
             Was an Initiate of Ashenzari.
             Slain by a wight
             ... wielding a +0 short sword
              (10 damage)
             ... on level 5 of the Dungeon.
             The game lasted 00:17:41 (8284 turns).

Borgoz the Sneak (Ghoul Enchanter)                  Turns: 8284, Time: 00:17:41

Health: -1/67      AC:  5    Str: 12    XL:     9   Next: 32%
Magic:  1/11       EV: 13    Int: 11    God:    Ashenzari [......]
Gold:   261        SH:  0    Dex: 11    Spells: 6/12 levels left

rFire    . . .     SeeInvis .   n - +2 dagger (venom)
rCold    + . .     Gourm    .   (no shield)
rNeg     + + +     Faith    .   y - +0 leather armour
rPois    ∞         Spirit   .   b - +0 hat
rElec    .         Reflect  .   A - +0 cloak (curse)
rCorr    .         Harm     .   m - +0 pair of gloves (curse)
MR       .....                  (no boots)
Stlth    +++.......             (no amulet)
HPRegen  0.00/turn              (no ring)
MPRegen  0.12/turn              (no ring)

@: very slightly contaminated, rotting
A: rotting body, claws 1, carnivore, cold resistance 1, negative energy
resistance 3, inhibited regeneration, torment resistance, unbreathing
a: Curse Item, Renounce Religion


You were on level 5 of the Dungeon.
You worshipped Ashenzari.
Ashenzari was noncommittal.
You were not hungry.

You visited 2 branches of the dungeon, and saw 7 of its levels.

You collected 261 gold pieces.

Inventory:

Hand Weapons
 n - a +2 dagger of venom (weapon)
 z - a +4 quarterstaff of chaos
Missiles
 i - 3 tomahawks (quivered)
 s - 27 poisoned needles
Armour
 b - a +0 hat (worn)
 m - a cursed +0 pair of gloves (worn)
 y - a +0 leather armour (worn)
 A - a cursed +0 cloak (worn)
Wands
 e - a wand of digging (4)
 l - a wand of polymorph (6)
Scrolls
 f - 3 scrolls of remove curse
 g - 3 scrolls of amnesia
 h - 2 scrolls of identify
 j - a scroll of fog
 k - 2 scrolls of magic mapping
 q - 2 scrolls of enchant armour
 r - 2 scrolls of enchant weapon
 u - 4 scrolls of teleportation
Potions
 o - a potion of ambrosia {unknown}
 w - a potion of brilliance
 x - a potion of degeneration
Comestibles
 d - 9 rations


   Skills:
 + Level 1.9 Fighting
 * Level 6.3 Short Blades
 + Level 3.9 Armour
 + Level 4.5 Dodging
 + Level 6.6 Stealth
 + Level 2.3 Spellcasting
 + Level 4.6 Hexes


You had 6 spell levels left.
You knew the following spells:

 Your Spells              Type           Power        Failure   Level  Hunger
a - Corona                Hex            ##.....      5%          1    ##.....
b - Ensorcelled Hibernat  Hex/Ice        #.....       22%         2    ###....
c - Confuse               Hex            ##......     16%         3    ####...

Your spell library contained the following spells:

 Spells                   Type           Power        Failure   Level  Hunger
 Tukima's Dance           Hex            ##......     16%         3    ####...
 Dazzling Spray           Conj/Hex       #.....       38%         3    ####...


Dungeon Overview and Level Annotations

Branches:
Dungeon (6/15)             Temple (1/1) D:5

Altars:
Ashenzari
Cheibriados
Dithmenos
Elyvilon
Hepliaklqana
Makhleb
Nemelex Xobeh
Okawaru
Qazlal
Ru
Sif Muna
Trog
Uskayaw
Vehumet
Wu Jian
Yredelemnul
Zin
The Shining One

Annotations:
D:4 2 runed translucent doors, Kairos's ghost, novice VSFi


Innate Abilities, Weirdness & Mutations

Your body is rotting away.
You thrive on raw meat.
You are immune to poison.
You have sharp fingernails.
You are carnivorous and can eat meat at any time.
Your flesh is cold resistant. (rC+)
You are immune to negative energy. (rN+++)
You do not regenerate when monsters are visible.
You are immune to unholy pain and torment.
You can survive without breathing.


Message History

The wight is almost destroyed.
The wight hits you with a +0 short sword.
* * * LOW HITPOINT WARNING * * *
Casting: Confuse (safe; 16% risk of failure)
Confirm with . or Enter, or press ? or * to list all spells.
Aiming: Confuse (safe; 16% risk of failure)
Press: ? - help, Shift-Dir - straight line, f/p - wight
Aim: a wight, wielding a +0 short sword and wearing a +0 robe (almost destroyed, chance to defeat MR: 42%)
The wight resists with some effort.
The wight hits you with a +0 short sword.
* * * LOW HITPOINT WARNING * * *
You closely miss the wight.
The wight is almost destroyed.
You hit the wight but do no damage.
The wight is almost destroyed.
The wight hits you but does no damage.
You barely miss the wight.
The wight is almost destroyed.
The wight hits you with a +0 short sword!
You die...

### ###'######## #..........#
##############..........# #
.............+..........# #
....#.########......)...# #
...............#..############ #
................@z.....)....># #
.........#.....#..##########.####
..####.#.#.....#.................
..# #...##'####...#####.###.####
..#####..##.####..##.###.###.####
.........##.......##.......).....
..####...##.####.###.###.###.####
..####...##.# #.# #..#......# #
.........##.# #.###..##.#.#.# #


You could see a wight.

Vanquished Creatures
  Grinder (D:3)
  Sigmund (D:5)
  A phantom (D:4)
  An ice beast (D:4)
  3 ogres
  A centaur (D:5)
  3 bullfrogs (D:6)
  3 wights
  2 crimson imps
  A centaur zombie (D:6)
  An orc priest (D:3)
  9 orc wizards
  A hound (D:4)
  Crazy Yiuf (D:3)
  A bullfrog skeleton (D:6)
  Natasha (thrice) (D:4)
  2 iguanas
  3 worker ants
  A hound zombie (D:2)
  A hound skeleton (D:4)
  7 gnolls
  6 adders
  A shadow imp (D:5)
  An adder skeleton (D:4)
  A worm (D:5)
  4 dart slugs
  2 leopard geckos
  29 orcs
  2 ball pythons
  10 bats
  2 bat skeletons (D:2)
  A bat zombie (D:2)
  6 giant cockroaches
  7 hobgoblins
  14 jackals
  2 quokkas
  8 frilled lizards
  A giant cockroach zombie (D:2)
  11 goblins
  A jackal zombie (D:2)
  6 kobolds
  2 quokka skeletons
  7 rats
171 creatures vanquished.

Notes
Turn   | Place    | Note
-------+----------+-------------------------------------------
     0 | D:1      | Borgoz the Ghoul Enchanter began the quest for the Orb.
     0 | D:1      | Reached XP level 1. HP: 14/14 MP: 2/2
    11 | D:1      | Reached skill level 1 in Short Blades
   152 | D:1      | Reached XP level 2. HP: 15/20 MP: 3/3
   462 | D:1      | Reached XP level 3. HP: 19/26 MP: 4/4
   725 | D:2      | Learned a level 2 spell: Ensorcelled Hibernation
  1132 | D:2      | Reached XP level 4. HP: 33/33 MP: 5/5
  1137 | D:2      | Learned a level 3 spell: Confuse
  1552 | D:2      | HP: 1/32 [gnoll/+0 spear (6)]
  2879 | D:2      | Reached skill level 1 in Armour
  2932 | D:2      | Reached XP level 5. HP: 29/38 MP: 6/6
  3346 | D:2      | Found a snail-covered altar of Cheibriados.
  3496 | D:3      | Noticed Grinder
  3521 | D:3      | Paralysed by Grinder for 4 turns
  3536 | D:3      | Paralysed by Grinder for 3 turns
  3537 | D:3      | Killed Grinder
  3537 | D:3      | Reached XP level 6. HP: 13/45 MP: 3/7
  3767 | D:3      | Found a faded altar of an unknown god.
  3962 | D:3      | Reached XP level 7. HP: 41/50 MP: 8/8
  4060 | D:3      | Reached skill level 5 in Stealth
  4108 | D:3      | Found a runed translucent door.
  4109 | D:3      | Noticed Crazy Yiuf
  4817 | D:3      | Killed Crazy Yiuf
  4912 | D:4      | Found a runed translucent door.
  5151 | D:4      | Noticed Natasha
  5160 | D:4      | Killed Natasha
  5260 | D:5      | Entered Level 5 of the Dungeon
  5342 | D:4      | Noticed Natasha
  5349 | D:4      | Killed Natasha
  5410 | D:4      | Reached XP level 8. HP: 6/56 MP: 1/9
  5769 | D:4      | Reached skill level 5 in Short Blades
  5770 | D:4      | Noticed Natasha
  5778 | D:4      | Killed Natasha
  5850 | D:4      | Found a runed translucent door.
  5851 | D:4      | Noticed Kairos's ghost (novice VSFi)
  6423 | D:5      | Noticed Sigmund
  6428 | D:5      | Killed Sigmund
  6505 | D:5      | Found a hide-covered altar of Uskayaw.
  6505 | D:5      | Found a burning altar of Makhleb.
  6550 | D:5      | Found a staircase to the Ecumenical Temple.
  6602 | Temple   | Entered the Ecumenical Temple
  6660 | Temple   | Became a worshipper of Ashenzari the Shackled
  6837 | D:5      | Found an iron altar of Okawaru.
  7230 | D:5      | Reached XP level 9. HP: 9/63 MP: 3/11
  7516 | D:6      | Reached skill level 1 in Fighting
  7679 | D:6      | Found a glowing golden altar of the Shining One.
  8284 | D:5      | Slain by a wight

Skill      XL: |  1  2  3  4  5  6  7  8  9 |
---------------+----------------------------+-----
Short Blades   | 1 2 3 4 5 6 |  6.3
Dodging        | 2 3 4 |  4.5
Armour         | 1 2 3 |  3.9
Stealth        | 4 5 6 |  6.6
Hexes          | 3 4 |  4.6
Spellcasting   | 2 |  2.3
Fighting       | 1 |  1.9

Action                   |  1- 3 |  4- 6 |  7- 9 || total
-------------------------+-------+-------+-------++-------
Melee: Dagger            |   134 |   230 |   472 ||   836
 Cast: Corona            |     1 |       |       ||     1
       Ensorcelled Hiber |       |    11 |    18 ||    29
       Confuse           |       |     2 |    16 ||    18
Invok: Curse Item        |       |       |     2 ||     2
  Use: Potion            |       |     3 |     7 ||    10
       Scroll            |       |       |     9 ||     9
 Stab: Sleeping          |     5 |     5 |    16 ||    26
       Confused          |       |       |     4 ||     4
  Eat: Chunk             |     6 |    21 |    44 ||    71
       Ration            |       |     1 |       ||     1
Armor: Robe              |    24 |    78 |     4 ||   106
       Leather armour    |       |       |    74 ||    74
Dodge: Dodged            |    53 |   168 |   224 ||   445
